 Dungeon Crawl Stone Soup version 0.24.1-8-ga250c9d538 (webtiles) character file.

Game seed: 7598595414647753536, levelgen mode: deterministic

2745 Hugehornet the Martial Artist (level 9, -4/53 HPs)
             Began as an Octopode Transmuter on May 6, 2020.
             Slain by Harold
             ... wielding a +0 scimitar of draining
              (23 damage)
             ... on level 7 of the Dungeon.
             The game lasted 00:21:38 (7011 turns).

Hugehornet the Martial Artist (Octopode Transmuter) Turns: 7011, Time: 00:21:39

Health: -4/53      AC:  2    Str:  9    XL:     9   Next: 68%
Magic:  13/15      EV: 20    Int: 18    God:
Gold:   363        SH:  0    Dex: 18    Spells: 1/16 levels left

rFire    . . .     SeeInvis +     - Unarmed
rCold    . . .     Gourm    .   (shield currently unavailable)
rNeg     . . .     Faith    .   (helmet currently unavailable)
rPois    x         Spirit   .   r - amulet of regeneration
rElec    .         Reflect  .   h - +2 ring of evasion
rCorr    .         Harm     .   i - ring of see invisible
MR       .....                  (no ring)
Stlth    ++........             (no ring)
HPRegen  0.57/turn              (no ring)
MPRegen  0.14/turn              (no ring)
                                (no ring)
                                (no ring)

@: spider-form (expiring), marked, drained
A: tiny, almost no armour, stealthy swim, (amphibious), 8 rings, (constrict 8)
a: End Transformation


You were on level 7 of the Dungeon.
You were hungry.
You were a venomous arachnid creature.
You visited 1 branch of the dungeon, and saw 7 of its levels.

You collected 363 gold pieces.

Inventory:

Missiles
 a - 80 arrows
Armour
 t - a +0 large shield
Jewellery
 h - a +2 ring of evasion (left front leg)
 i - a ring of see invisible (right front leg)
 m - an uncursed ring of fire
 r - an amulet of regeneration (around neck)
Wands
 w - a wand of polymorph (10)
Scrolls
 d - 5 scrolls of fog
 g - 2 scrolls of remove curse
 n - 2 scrolls of magic mapping
 p - 2 scrolls of teleportation
 v - a scroll of amnesia {unknown}
Potions
 b - 2 potions of curing
 e - a potion of magic
 f - a potion of cancellation {unknown}
 j - a potion of haste
 k - a potion of degeneration
 l - a potion of brilliance
 o - 3 potions of might
 q - a potion of lignification
 s - a potion of berserk rage {unknown}
 u - 2 potions of heal wounds
Comestibles
 c - 10 rations


   Skills:
 - Level 1.0(0.0) Fighting
 - Level 2.0(1.0) Dodging
 + Level 10.5(9.3) Unarmed Combat
 - Level 4.0(3.0) Spellcasting
 * Level 6.4(5.3) Transmutations
 - Level 3.0(2.0) Ice Magic
 - Level 1.0(0.0) Poison Magic


You had one spell level left.
You knew the following spells:

 Your Spells              Type           Power        Failure   Level  Hunger
a - Beastly Appendage     Tmut           ###...       8%          1    None
b - Sticks to Snakes      Tmut           ###.....     10%         2    ##.....
c - Spider Form           Tmut/Pois      ##........   34%         3    ###....
d - Ice Form              Ice/Tmut       ###.....     56%         4    ####...
e - Blade Hands           Tmut           ###.......   67%         5    ######.

Your spell library contained the following spells:

 Spells                   Type           Power        Failure   Level  Hunger
 Shock                    Conj/Air       #...         34%         1    None
 Swiftness                Chrm/Air       #.......     45%         2    ##.....
 Static Discharge         Conj/Air       #.......     65%         3    ###....
 Airstrike                Air            #.........   95%         4    ####...
 Lightning Bolt           Conj/Air       #.........   100%        5    ######.


Dungeon Overview and Level Annotations

Branches:
Dungeon (7/15)
 Temple: D:4-7

Altars:
Okawaru
Trog

Annotations:
D:7 Harold


Innate Abilities, Weirdness & Mutations

You cannot wear most types of armour.
You are very stealthy in the water. (Stealth+)
((You are amphibious.))
You can wear up to eight rings at the same time.
((You can use your tentacles to constrict eight enemies at once.))
((Your skin changes colour to match your surroundings (Stealth+).))
((Your rubbery body absorbs attacks. (AC +1, EV +1)))


Message History

Harold is heavily wounded.
The hound skeleton misses you.
Harold hits you with a +0 scimitar of draining!
You feel drained.
You hit Harold but do no damage.
Harold looks as sick as possible!
Harold is heavily wounded.
Your transformation is almost over.
The hound skeleton completely misses you.
You bite Harold!
Harold is severely wounded.
The hound skeleton completely misses you.
Harold completely misses you.
You hit Harold.
Harold looks as sick as possible!
Harold is severely wounded.
The hound skeleton barely misses you. Harold casts a spell at you.
The mark upon you grows brighter. The hound skeleton barely misses you.
The hound skeleton closely misses you.
Harold hits you with a +0 scimitar of draining!!
You die...

######
#..s.#
#.Z@.......
#..........
#..........
#..........
###....####
#....#
#....#


You could see Harold and a hound skeleton.

Vanquished Creatures
  A two-headed ogre (D:6)
  Prince Ribbit (D:4)
  Purgy (D:3)
  An ice beast (D:6)
  An orc warrior (D:6)
  3 ogres
  A sky beast (D:5)
  4 centaurs
  A big kobold (D:5)
  2 bullfrogs (D:6)
  A scorpion (D:6)
  4 howler monkeys
  A jelly (D:5)
  A crimson imp (D:6)
  A bullfrog zombie (D:5)
  2 orc wizards
  4 orc priests
  2 hounds
  A centaur skeleton (D:6)
  An iguana (D:3)
  2 worker ants (D:5)
  2 hound skeletons (D:5)
  A worker ant zombie (D:5)
  11 adders
  7 gnolls
  2 oozes
  An adder skeleton (D:4)
  2 worms
  A dart slug (D:2)
  10 leopard geckos
  19 orcs
  5 bats
  5 giant cockroaches
  7 goblins
  5 hobgoblins
  6 jackals
  8 kobolds
  2 ball pythons
  9 frilled lizards
  3 quokka skeletons
  5 rats
147 creatures vanquished.

Vanquished Creatures (collateral kills)
  A water moccasin (D:6)
  A jelly (D:5)
  An ooze (D:6)
  2 jackals (D:6)
5 creatures vanquished.

Grand Total: 152 creatures vanquished

Notes
Turn   | Place    | Note
-------+----------+-------------------------------------------
     0 | D:1      | Hugehornet the Octopode Transmuter began the quest for the
                  | Orb.
     0 | D:1      | Reached XP level 1. HP: 13/13 MP: 3/3
   128 | D:1      | Reached XP level 2. HP: 12/18 MP: 3/5
  1056 | D:2      | Reached XP level 3. HP: 11/23 MP: 6/6
  1060 | D:2      | Learned a level 2 spell: Sticks to Snakes
  1064 | D:2      | Learned a level 3 spell: Spider Form
  1471 | D:2      | You fall into a shaft and drop 2 floors!
  2021 | D:3      | Reached XP level 4. HP: 28/28 MP: 7/7
  2102 | D:2      | Reached skill level 1 in Poison Magic
  2652 | D:3      | Reached XP level 5. HP: 9/33 MP: 4/8
  2893 | D:3      | Noticed Purgy
  2903 | D:3      | Killed Purgy
  2903 | D:3      | Reached skill level 4 in Unarmed Combat
  3054 | D:3      | Reached XP level 6. HP: 38/38 MP: 5/9
  3197 | D:3      | Reached skill level 5 in Transmutations
  4015 | D:4      | Reached skill level 5 in Unarmed Combat
  4392 | D:4      | Reached XP level 7. HP: 38/43 MP: 8/10
  4418 | D:4      | Learned a level 4 spell: Ice Form
  4567 | D:5      | Entered Level 5 of the Dungeon
  4750 | D:5      | Noticed Prince Ribbit
  4766 | D:4      | Killed Prince Ribbit
  5062 | D:5      | Reached skill level 6 in Unarmed Combat
  5206 | D:5      | Reached XP level 8. HP: 42/48 MP: 11/13
  5247 | D:5      | Learned a level 5 spell: Blade Hands
  5431 | D:5      | Reached skill level 7 in Unarmed Combat
  5544 | D:5      | Reached skill level 8 in Unarmed Combat
  6069 | D:6      | Noticed a two-headed ogre
  6100 | D:6      | Killed a two-headed ogre
  6100 | D:6      | Reached skill level 9 in Unarmed Combat
  6100 | D:6      | Reached XP level 9. HP: 53/53 MP: 1/15
  6108 | D:6      | Reached skill level 10 in Unarmed Combat
  6982 | D:6      | Found a bloodstained altar of Trog.
  6983 | D:6      | Found an iron altar of Okawaru.
  6996 | D:7      | Noticed Harold
  7011 | D:7      | Slain by Harold

Levels and vault maps discovered:
D:1:      minmay_arrival_stair_chambers, layout_loops_ring
D:2:      layout_loops_ring
D:3:      layout_basic, minmay_misc_feat_hallway, uniq_purgy
D:4:      layout_loops_ring, first_ration
D:5:      kennysheep_windowed_halls, layout_cave_pools,
          kennysheep_generic_room_14, uniq_prince_ribbit1
D:6:      layout_rooms, grunt_temple_overflow_bloody_war, patterned_corridor
D:7:      layout_basic, nicolae_tso_swordbearing_angel,
          minmay_temple_entry_statues_pillars, grunt_gozag_statues, uniq_harold

Skill      XL: |  1  2  3  4  5  6  7  8  9 |
---------------+----------------------------+-----
Transmutations | 3 4 5 6 |  6.4
Poison Magic   | 1 |  1.0
Unarmed Combat | 4 5 6 9 10 | 10.5
Spellcasting   | 3 4 |  4.0
Ice Magic      | 3 |  3.0
Fighting       | |  1.0
Dodging        | |  2.0

Action                   |  1- 3 |  4- 6 |  7- 9 || total
-------------------------+-------+-------+-------++-------
Melee: Unarmed           |    75 |   137 |   217 ||   429
       Constrict         |    19 |    21 |    16 ||    56
       Kick              |    10 |    16 |    17 ||    43
       Tentacles         |     4 |    13 |    16 ||    33
       Punch             |     1 |       |     7 ||     8
 Cast: Beastly Appendage |    23 |    23 |    21 ||    67
       Spider Form       |     1 |     9 |    14 ||    24
       Sticks to Snakes  |       |     1 |    24 ||    25
 Abil: End Transformatio |       |       |     4 ||     4
  Use: Potion            |       |     1 |       ||     1
       Scroll            |       |       |    12 ||    12
 Stab: Sleeping          |     5 |     9 |     2 ||    16
  Eat: Chunk             |     3 |    10 |    10 ||    23
Armor: Skin              |     6 |     5 |     8 ||    19
Dodge: Dodged            |    50 |   101 |   163 ||   314
